 Dungeon Crawl Stone Soup version 0.26.1-11-gd32895ea62 (webtiles) character file.

Game seed: 17959666592858435490

8920 Ekaitz the Arsonist (level 11, 0/80 HPs)
             Began as a Demonspawn Fire Elementalist on June 10, 2021.
             Was a Priest of Sif Muna.
             Slain by a yak (8 damage)
             ... on level 11 of the Dungeon.
             The game lasted 00:39:44 (13122 turns).

Ekaitz the Arsonist (Demonspawn Fire Elementalist) Turns: 13122, Time: 00:39:45

Health: 0/80       AC:  6    Str: 17    XL:     11   Next: 16%
Magic:  21/30      EV: 14    Int: 23    God:    Sif Muna [***...]
Gold:   651        SH:  5    Dex: 14    Spells: 8/24 levels left

rFire    . . .     SeeInvis .   V - +0 scimitar (flame)
rCold    + . .     Faith    .   (no shield)
rNeg     . . .     Spirit   .   J - +1 robe of Intuition {Str+8}
rPois    .         Reflect  +   (helmet restricted)
rElec    .         Harm     .   I - +0 cloak
rCorr    .         Rampage  .   (no gloves)
Will     .....                  M - +1 pair of boots
Stlth    +++.......             t - amulet of reflection
HPRegen  0.23/turn              h - ring of magical power
MPRegen  0.22/turn              w - ring of wizardry

@: no status effects
A: horns 2, cold resistance 1, spiny 2, big brain 2
a: Renounce Religion, Channel Magic, Forget Spell


You were on level 11 of the Dungeon.
You worshipped Sif Muna.
Sif Muna was most pleased with you.
You visited 3 branches of the dungeon, and saw 13 of its levels.

You collected 651 gold pieces.

Inventory:

Hand Weapons
 r - a +1 dagger of freezing
 s - a +0 hunting sling
 R - a +0 lajatang
 V - a +0 scimitar of flaming (weapon)
Missiles
 c - 439 stones
 o - a throwing net
 A - 77 sling bullets
 L - 15 poisoned darts
Armour
 v - a +2 leather armour of fire resistance
 B - a +0 kite shield
 I - a +0 cloak (worn)
 J - the +1 robe of Intuition (worn) {Str+8}
   (You found it on level 5 of the Dungeon)

   It affects your strength (+8).
 M - a +1 pair of boots (worn)
Jewellery
 h - a ring of magical power (left hand)
 t - an amulet of reflection (around neck)
 w - a ring of wizardry (right hand)
 N - an uncursed ring of positive energy
 O - a +4 ring of evasion
 W - an uncursed ring of poison resistance
 Z - an uncursed ring of positive energy
Wands
 a - a wand of acid (6)
 p - a wand of random effects (49)
 Q - a wand of enslavement (25)
 U - a wand of digging (11)
Scrolls
 d - 2 scrolls of noise {unknown}
 e - 4 scrolls of amnesia
 f - 12 scrolls of identify
 i - a scroll of magic mapping {unknown}
 j - 3 scrolls of immolation {unknown}
 n - a scroll of enchant weapon {unknown}
 x - 5 scrolls of remove curse
 y - 4 scrolls of teleportation {unknown}
 D - a scroll of blinking {unknown}
 F - 2 scrolls of fog
 G - 4 scrolls of fear {unknown}
 S - a scroll of enchant armour {unknown}
 T - a scroll of silence {unknown}
 Y - a scroll of holy word {unknown}
Potions
 g - 3 potions of might
 k - 2 potions of lignification
 l - 2 potions of heal wounds {unknown}
 m - 2 potions of haste {unknown}
 q - 2 potions of curing
 u - 3 potions of brilliance {unknown}
 z - a potion of attraction {unknown}
 C - a potion of invisibility
 H - a potion of degeneration {unknown}
 K - a potion of ambrosia {unknown}
 X - a potion of resistance {unknown}
Miscellaneous
 E - a phial of floods
 P - a phantom mirror


   Skills:
 + Level 5.5 Fighting
 + Level 0.7(1.5) Short Blades
 + Level 2.0(2.1) Long Blades
 + Level 0.5 Staves
 + Level 4.7 Dodging
 + Level 4.0 Stealth
 + Level 1.9 Shields
 + Level 7.1 Spellcasting
 + Level 6.1 Conjurations
 + Level 2.1 Hexes
 * Level 9.1 Fire Magic
 * Level 4.5 Invocations
 * Level 4.2 Evocations


You had 8 spell levels left.
You knew the following spells:

 Your Spells              Type           Power        Failure   Level
a - Foxfire               Conj/Fire      100%         1%          1
b - Conjure Flame         Conj/Fire      43%          1%          3
c - Inner Flame           Hex/Fire       33%          1%          3
d - Sticky Flame          Conj/Fire      43%          1%          4
e - Fireball              Conj/Fire      21%          3%          5

Your spell library contained the following spells:

 Spells                   Type           Power        Failure   Level
 Beastly Appendage        Tmut           16%          3%          1
 Wereblood                Tmut           8%           4%          2
 Spider Form              Tmut/Pois      4%           9%          3
 Ice Form                 Ice/Tmut       8%           28%         4
 Blade Hands              Tmut           4%           61%         5


Dungeon Overview and Level Annotations

Branches:
Dungeon (11/15)            Temple (1/1) D:4            Lair (1/6) D:11
    Orc: D:9-12

Altars:
Ashenzari
Cheibriados
Dithmenos
Elyvilon
Fedhas
Gozag
Hepliaklqana
Kikubaaqudgha
Makhleb
Nemelex Xobeh
Okawaru
Qazlal
Ru
Sif Muna
Trog
Uskayaw
Vehumet
Wu Jian
Xom
Yredelemnul
Zin
The Shining One
Lugonu


Innate Abilities, Weirdness & Mutations

You have a pair of horns on your head.
Your flesh is cold resistant. (rC+)
You are mostly covered in sharp spines.
You have an extremely huge brain. (Int +4)


Message History

The yak gores you!
* * * LOW HITPOINT WARNING * * *
The yak is engulfed in a cloud of scalding steam.
You kill the yak!
Sif Muna accepts your kill.
Casting: Foxfire (safe; 1% risk of failure)
Confirm with . or Enter, or press ? or * to list all spells.
You conjure some foxfire!
The foxfire hits the yak but does no damage.
The yak is lightly wounded.
You block the yak's attack.
Unknown command.
You hit the yak but do no damage. You headbutt the yak.
The yak is lightly wounded.
The foxfire hits the yak.
You kill the yak!
Sif Muna accepts your kill.
The yak is engulfed in a cloud of scalding steam.
The yak is struck by your spines. The yak gores you!
You die...

#############.#.Y.......#
#.............#.##Y..##.#
#.##########..#..#...#..#
#.# ########...#...≈...#.
#.# #.............###....
#.# #.......≈≈...........
#.# #.....††.≈....##.#...
#.# #...§.......[.##)#.#.
#.# #...@Y........##)#.#.
#.# #.)........≈^.##.#.#.
#.# #..........)..'.)#.#.
#.###....≈........#....#.
#.#...............'......
#.'.[...≈≈........#......
###...............#......
#...#############......
#...####### #......


You could see a yak.

Vanquished Creatures
  A hydra (D:11)
  Erica (D:8)
  An oklob plant (D:11)
  An ugly thing (D:7)
  A centaur zombie (D:8)
  Psyche (D:11)
  A centaur skeleton (D:11)
  A troll (D:11)
  15 yaks
  Edmund (D:4)
  3 orc warriors
  A black bear (D:11)
  3 ice beasts
  A sky beast (D:10)
  A phantom (D:4)
  3 centaurs
  4 ogres
  A big kobold (D:11)
  A wyvern zombie (D:8)
  4 bullfrogs
  A wyvern skeleton (D:11)
  2 scorpions
  A killer bee (D:8)
  4 wights (D:10)
  2 electric eels (D:11)
  2 howler monkeys
  A bullfrog zombie (D:8)
  5 jellies
  2 quasits
  4 orc priests
  6 hounds
  Ijyb (D:2)
  2 iguanas (D:11)
  5 orc wizards
  6 worker ants
  A killer bee zombie (D:5)
  A hound skeleton (D:4)
  A worker ant zombie (D:10)
  14 adders
  A white imp (D:6)
  4 ufetubi
  An adder skeleton (D:4)
  4 worms
  4 dart slugs
  8 leopard geckos
  26 orcs
  6 giant cockroaches
  10 goblins
  6 hobgoblins
  21 jackals
  9 kobolds
  6 quokkas
  12 bats
  2 frilled lizards
  10 rats
237 creatures vanquished.

Vanquished Creatures (collateral kills)
  A foxfire (D:11)
1 creature vanquished.

Vanquished Creatures (others)
  922 foxfires
  9 plants (D:11)
931 creatures vanquished.

Grand Total: 1169 creatures vanquished

Notes
Turn   | Place    | Note
-------+----------+-------------------------------------------
     0 | D:1      | Ekaitz the Demonspawn Fire Elementalist began the quest for
                  | the Orb.
     0 | D:1      | Reached XP level 1. HP: 13/13 MP: 3/3
   440 | D:1      | Gained mutation: You have a pair of small horns on your
                  | head. [demonic ancestry]
   440 | D:1      | Reached XP level 2. HP: 19/19 MP: 0/5
   447 | D:1      | Reached skill level 3 in Fire Magic
  1292 | D:2      | Gained mutation: You have an unusually large brain. (Int
                  | +2) [demonic ancestry]
  1292 | D:2      | Reached XP level 3. HP: 11/25 MP: 6/6
  1296 | D:2      | Learned a level 3 spell: Conjure Flame
  1868 | D:2      | Found a white marble altar of Elyvilon.
  1950 | D:2      | Noticed Ijyb
  1994 | D:2      | Killed Ijyb
  1995 | D:2      | Reached XP level 4. HP: 8/31 MP: 0/8
  2222 | D:2      | Learned a level 3 spell: Inner Flame
  2546 | D:3      | Reached skill level 1 in Fighting
  2760 | D:3      | Found a faded altar of an unknown god.
  3090 | D:3      | Gained mutation: Your flesh is cold resistant. (rC+)
                  | [demonic ancestry]
  3090 | D:3      | Reached XP level 5. HP: 37/37 MP: 9/9
  3541 | D:4      | Noticed a phantom
  3553 | D:4      | Killed a phantom
  3554 | D:4      | Reached skill level 1 in Hexes
  3723 | D:4      | Reached skill level 4 in Fire Magic
  3723 | D:4      | Gained mutation: You are partially covered in sharp spines.
                  | [demonic ancestry]
  3723 | D:4      | Reached XP level 6. HP: 44/44 MP: 10/10
  3723 | D:4      | Found a hazy altar of Hepliaklqana.
  3866 | D:4      | Found a staircase to the Ecumenical Temple.
  3892 | Temple   | Entered the Ecumenical Temple
  3914 | Temple   | Became a worshipper of Sif Muna the Loreminder
  3939 | D:4      | Learned a level 4 spell: Sticky Flame
  4101 | D:4      | Noticed Edmund
  4137 | D:4      | Killed Edmund
  4310 | D:4      | Gained mutation: You have an extremely huge brain. (Int +4)
                  | [demonic ancestry]
  4310 | D:4      | Reached XP level 7. HP: 50/50 MP: 11/11
  4644 | D:4      | Reached skill level 5 in Fire Magic
  4718 | D:4      | Found a snail-covered altar of Cheibriados.
  4820 | D:5      | Entered Level 5 of the Dungeon
  4823 | D:5      | Found an opulent altar of Gozag.
  4960 | D:5      | Found a sacrificial altar of Ru.
  5132 | D:5      | Got a crude robe
  5133 | D:5      | Identified the cursed +1 robe of Intuition {Str+8} (You
                  | found it on level 5 of the Dungeon)
  6092 | D:6      | Gained mutation: You are mostly covered in sharp spines.
                  | [demonic ancestry]
  6092 | D:6      | Reached XP level 8. HP: 51/58 MP: 14/14
  6612 | D:7      | Found an ancient bone altar of Kikubaaqudgha.
  6612 | D:7      | Found a white marble altar of Elyvilon.
  6613 | D:7      | Found a shadowy altar of Dithmenos.
  6663 | D:7      | Found a hazy altar of Hepliaklqana.
  6763 | D:7      | Noticed a brown ugly thing
  6786 | D:7      | Killed a brown ugly thing
  6787 | D:7      | Reached skill level 6 in Fire Magic
  6794 | D:7      | Learned a level 5 spell: Fireball
  7402 | D:7      | Reached skill level 5 in Spellcasting
  7634 | D:8      | Found a glowing golden altar of the Shining One.
  7634 | D:8      | Found a basalt altar of Yredelemnul.
  7636 | D:8      | Found a sacrificial altar of Ru.
  7636 | D:8      | Found a hide-covered altar of Uskayaw.
  7655 | D:8      | Found a bloodstained altar of Trog.
  7734 | D:8      | Reached * piety under Sif Muna
  7867 | D:8      | Gained mutation: You have a pair of horns on your head.
                  | [demonic ancestry]
  7867 | D:8      | Reached XP level 9. HP: 50/66 MP: 14/16
  7995 | D:8      | Found an ornate altar of the Wu Jian Council.
  8082 | D:8      | Reached skill level 7 in Fire Magic
  8182 | D:7      | Noticed a red ugly thing
  8580 | D:8      | Noticed Erica
  8726 | D:8      | Killed Erica
  8727 | D:8      | Reached skill level 5 in Fighting
  8727 | D:8      | Reached skill level 1 in Shields
  9151 | D:8      | Reached skill level 5 in Conjurations
  9359 | D:9      | Found a sparkling altar of Nemelex Xobeh.
  9442 | D:9      | Reached skill level 8 in Fire Magic
  9899 | D:9      | Found a radiant altar of Vehumet.
  9954 | D:10     | Entered Level 10 of the Dungeon
 10108 | D:10     | Reached ** piety under Sif Muna
 10112 | D:10     | Reached XP level 10. HP: 74/74 MP: 19/19
 10289 | D:10     | Reached skill level 1 in Invocations
 10651 | D:10     | Reached skill level 1 in Evocations
 11077 | D:11     | Reached skill level 1 in Long Blades
 11206 | D:11     | Noticed a six-headed hydra
 11225 | D:11     | Killed a four-headed hydra
 11869 | D:11     | Reached *** piety under Sif Muna
 11871 | D:11     | Noticed Psyche
 11877 | D:11     | Killed Psyche
 12090 | D:11     | Noticed an oklob plant
 12097 | D:11     | Found a staircase to the Lair.
 12111 | D:11     | Killed an oklob plant
 12449 | D:11     | Reached XP level 11. HP: 80/80 MP: 21/21
 12786 | D:11     | Reached skill level 9 in Fire Magic
 13092 | Lair:1   | Entered Level 1 of the Lair of Beasts
 13098 | Lair:1   | Noticed a seven-headed hydra
 13122 | D:11     | Slain by a yak

Illustrated notes

Levels and vault maps discovered:
D:1:      dpeg_arrival_arbitrary_a, layout_basic
D:2:      kennysheep_the_goblin_king, layout_rooms, elyvilon_altar_1
D:3:      layout_loops_ring, chequers_ecumenical_altar_grove,
          amcnicky_mini_rare_corridor_liquid, item_on_display_a
D:4:      layout_gridville, kennysheep_slug_shrine, temple_pool_b,
          amcnicky_altar_gilded, uniq_edmund
D:5:      layout_loops_ring, lemuel_doored_altar, hex_tiny,
          nicolae_ru_sacrificial_ziggurat
D:6:      layout_loops_ring
D:7:      minmay_klotski, layout_basic, nicolae_overflow_quartered_altars
D:8:      layout_gridville, grunt_temple_overflow_open,
          pdpol_wu_jian_five_deadly_venoms, roderic_batcave, uniq_erica
D:9:      layout_roguey, nemelex_xobeh_ov_fountains_minmay, vehumet_crystals,
          serial_glass, glass_columns_a, glass_columns_b
D:10:     layout_stronghold
D:11:     layout_basic, dpeg_oklobed_lair, uniq_psyche
Temple:   corrupted_temple
Lair:1:   layout_gridlike

Skill      XL: |  1  2  3  4  5  6  7  8  9 10 11 |
---------------+----------------------------------+-----
Fire Magic     | 3 4 5 6 8 9 |  9.1
Stealth        | 2 3 4 |  4.0
Dodging        | 2 3 4 |  4.7
Fighting       | 1 2 3 4 5 |  5.5
Spellcasting   | 3 4 5 6 7 |  7.1
Hexes          | 1 2 |  2.1
Conjurations   | 2 3 4 5 6 |  6.1
Shields        | 1 |  1.9
Invocations    | 4 |  4.5
Evocations     | 4 |  4.2
Long Blades    | 1 2 |  2.0
Short Blades   | |  0.7
Staves         | |  0.5

Action                   |  1- 3 |  4- 6 |  7- 9 | 10-12 || total
-------------------------+-------+-------+-------+-------++-------
Melee: Dagger            |     8 |    17 |     3 |       ||    28
       Short sword       |    21 |     4 |       |       ||    25
       Headbutt          |     4 |     3 |     2 |    14 ||    23
       Lajatang          |       |       |    12 |       ||    12
       Scimitar          |       |       |       |    50 ||    50
 Cast: Foxfire           |    95 |    95 |   232 |   125 ||   547
       Conjure Flame     |     1 |     1 |     8 |    17 ||    27
       Inner Flame       |       |     1 |       |       ||     1
       Sticky Flame      |       |     2 |     6 |     9 ||    17
       Fireball          |       |       |       |     3 ||     3
  Use: Scroll            |       |     3 |     2 |     1 ||     6
       Potion            |       |       |     2 |       ||     2
 Stab: Sleeping          |     1 |     6 |     1 |       ||     8
Armor: Robe              |     8 |     5 |    13 |    29 ||    55
       Skin              |       |       |    13 |       ||    13
Dodge: Dodged            |    33 |    21 |    50 |    82 ||   186
Block: Other             |       |     4 |    18 |    34 ||    56
       Reflection        |       |       |       |     1 ||     1
       Rpst.: Scimitar   |       |       |     2 |    22 ||    24
